 Dungeon Crawl Stone Soup version 0.23-a0-644-gb60d84b (webtiles) character file.

620 Borgoz the Chopper (level 7, -1/61 HPs)
             Began as a Hill Orc Abyssal Knight on Jan 1, 2019.
             Was a Priest of Lugonu.
             Slain by an iguana (8 damage)
             ... on level 6 of the Dungeon.
             The game lasted 00:09:18 (6006 turns).

Borgoz the Chopper (Hill Orc Abyssal Knight)        Turns: 6006, Time: 00:09:19

Health: -1/61      AC:  6    Str: 15    XL:     7   Next: 46%
Magic:  9/9        EV: 11    Int: 12    God:    Lugonu [***...]
Gold:   174        SH:  0    Dex: 12    Spells: 6/6 levels left

rFire    . . .     SeeInvis .   a - +1 hand axe
rCold    . . .     Gourm    .   (no shield)
rNeg     . . .     Faith    .   g - +0 ring mail
rPois    .         Spirit   .   (no helmet)
rElec    .         Reflect  .   (no cloak)
rCorr    .         Harm     .   (no gloves)
MR       .....                  (no boots)
Stlth    ++........             (no amulet)
HPRegen  0.20/turn              f - ring of stealth
MPRegen  0.11/turn              (no ring)

@: no status effects
A: no striking features
a: Depart the Abyss, Bend Space, Banish, Renounce Religion


You were on level 6 of the Dungeon.
You worshipped Lugonu.
Lugonu was most pleased with you.
You were not hungry.

You visited 1 branch of the dungeon, and saw 6 of its levels.
You visited the Abyss 1 time.

You collected 174 gold pieces.

Inventory:

Hand Weapons
 a - a +1 hand axe (weapon)
Armour
 g - a +0 ring mail (worn)
Jewellery
 f - a ring of stealth (left hand)
Wands
 n - a wand of paralysis (14)
Scrolls
 b - 2 scrolls of magic mapping
 d - a scroll of teleportation
 h - a scroll of amnesia
 k - a scroll of remove curse
 l - a scroll of enchant armour {unknown}
 o - a scroll of fear
Potions
 e - a potion of flight
 i - a potion of magic
 j - a potion of curing
 m - a potion of agility {unknown}
 r - a potion of cancellation
Comestibles
 c - 9 rations


   Skills:
 + Level 5.6 Fighting
 + Level 6.6 Axes
 + Level 5.0 Armour
 + Level 2.2 Dodging
 + Level 2.6 Invocations


You had 6 spell levels left.
You didn't know any spells.
Your spell library was empty.

Dungeon Overview and Level Annotations

Branches:
Dungeon (6/15)
 Temple: D:4-7

Altars:

Annotations:
D:5 Edmund, Grinder


Message History

You hit the hound but do no damage.
The hound is moderately wounded.
You hit the iguana but do no damage. The hound bites you but does no damage.
The iguana closely misses you. The hound barely misses you.
You barely miss the hound.
The hound is moderately wounded.
You hit the iguana but do no damage. The iguana misses you.
The hound bites you.
* * * LOW HITPOINT WARNING * * *
Okay, then.
Your ring mail prevents you from hitting the hound.
The hound is moderately wounded.
You barely miss the iguana. The hound bites you but does no damage.
The iguana bites you!
* * * LOW HITPOINT WARNING * * *
The hound bites you but does no damage.
You hit the hound but do no damage.
The hound is moderately wounded.
You hit the iguana but do no damage. The iguana bites you!
You die...

####.%# ##
..#....#.##
#.........## #
...........##.#
.............
...........#
#.....h...#
#....@...#
##....l..#
#.......#
#.####.## #. .#
# .# #


You could see an iguana and a hound.

Vanquished Creatures
  A phantom (D:5)
  A scorpion (D:4)
  A howler monkey (D:4)
  2 crimson imps
  A jelly (D:5)
  A bullfrog skeleton (D:4)
  A centaur skeleton (D:4)
  A hound (D:3)
  An iguana (D:4)
  A worker ant (D:5)
  A hound skeleton (D:5)
  4 gnolls
  6 adders
  2 oozes
  5 worms
  2 leopard geckos
  6 orcs
  2 ball pythons
  4 giant cockroaches
  9 goblins
  6 hobgoblins
  A quokka (D:6)
  11 bats
  2 frilled lizards
  18 kobolds
  10 rats
  2 bushes (D:1)
  A plant (D:1)
103 creatures vanquished.

Notes
Turn   | Place    | Note
-------+----------+-------------------------------------------
     0 | Abyss:1  | Borgoz the Hill Orc Abyssal Knight began the quest for the
                  | Orb.
     0 | Abyss:1  | Reached XP level 1. HP: 19/19 MP: 2/2
    74 | Abyss:1  | Noticed a large abomination
    75 | D:1      | Escaped the Abyss
   215 | D:1      | Reached XP level 2. HP: 25/27 MP: 3/3
   361 | D:1      | Reached * piety under Lugonu
   361 | D:1      | Reached skill level 3 in Axes
   583 | D:1      | Reached XP level 3. HP: 28/33 MP: 4/4
  1644 | D:1      | Reached skill level 1 in Dodging
  1653 | D:2      | Reached XP level 4. HP: 12/41 MP: 6/6
  1928 | D:2      | Reached ** piety under Lugonu
  2404 | D:2      | Reached skill level 4 in Axes
  2611 | D:2      | Reached XP level 5. HP: 39/47 MP: 7/7
  3684 | D:3      | Reached skill level 5 in Fighting
  3684 | D:3      | Reached skill level 5 in Axes
  3684 | D:3      | Reached XP level 6. HP: 27/56 MP: 8/8
  4389 | D:4      | HP: 2/56 [poisoned by an adder]
  4397 | D:4      | HP: 2/56 [poisoned by an adder]
  5061 | D:5      | Entered Level 5 of the Dungeon
  5080 | D:5      | Reached skill level 6 in Axes
  5096 | D:5      | Reached XP level 7. HP: 58/61 MP: 9/9
  5159 | D:5      | Noticed Edmund
  5160 | D:5      | Noticed Grinder
  5263 | D:5      | Paralysed by Grinder for 6 turns
  5280 | D:5      | Paralysed by Grinder for 6 turns
  5785 | D:5      | Reached skill level 5 in Armour
  5999 | D:6      | Reached *** piety under Lugonu
  6006 | D:6      | Slain by an iguana

Vault maps used:
D:1:      dpeg_arrival_subterranean_lakeside_camping, serial_forest,
          infiniplex_forest_pool, infiniplex_forest_clump_medium,
          infiniplex_forest_end_double, infiniplex_forest_lined_2,
          infiniplex_forest_lined_4_way, infiniplex_forest_clump_C,
          infiniplex_forest_clump_small, infiniplex_forest_pool,
          infiniplex_forest_lined_corner
D:2:      minmay_spotlight
D:4:      first_ration
D:5:      minmay_temple_entry_crystal_x, gammafunk_ghost_grave,
          chequers_serial_rivers_micro_e, minmay_misc_feat_room, uniq_grinder,
          uniq_sigmund, uniq_edmund
D:6:      ebering_ghost_gozag

Skill      XL: |  1  2  3  4  5  6  7 |
---------------+----------------------+-----
Fighting       | 4 5 |  5.6
Axes           | 3 4 5 6 |  6.6
Armour         | 3 4 5 |  5.0
Dodging        | 1 2 |  2.2
Invocations    | |  2.6

Action                   |  1- 3 |  4- 6 |  7- 9 || total
-------------------------+-------+-------+-------++-------
Melee: Hand axe          |   461 |   287 |    80 ||   828
Invok: Depart the Abyss  |     1 |       |       ||     1
  Use: Scroll            |       |     1 |    11 ||    12
       Potion            |       |     2 |     2 ||     4
 Stab: Sleeping          |       |     1 |     1 ||     2
  Eat: Ration            |     1 |       |     1 ||     2
       Chunk             |       |    10 |     2 ||    12
Armor: Ring mail         |    66 |   111 |    28 ||   205
       Leather armour    |     2 |       |       ||     2
Dodge: Dodged            |    96 |   153 |    39 ||   288

Table legend:
 A = Non-vault XP
 B = Vault XP
 C = Vault XP percentage of total XP
 D = Non-vault monster count
 E = Vault monster count
 F = Vault count percentage of total count
                 A         B        C        D         E       F
            +---------+---------+-------+---------+---------+-------
      Total |     838 |      48 |   5.4 |      86 |      14 |  14.0
            +---------+---------+-------+---------+---------+-------
        D:1 |      63 |       9 |  12.5 |      30 |       6 |  16.7
        D:2 |     107 |      39 |  26.7 |      24 |       8 |  25.0
        D:3 |     123 |       0 |   0.0 |      12 |       0 |   0.0
        D:4 |     265 |       0 |   0.0 |      11 |       0 |   0.0
        D:5 |     278 |       0 |   0.0 |       8 |       0 |   0.0
        D:6 |       2 |       0 |   0.0 |       1 |       0 |   0.0
            +---------+---------+-------+---------+---------+-------
